 Dungeon Crawl Stone Soup version 0.28-a0-172-g787e458d71 (webtiles) character file.

Game seed: 15988736595797299707

123 capillaryred the Ruffian (level 5, -4/46 HPs)
             Began as a Ghoul Monk on Aug 16, 2021.
             Splashed by a jelly's acid (7 damage)
             ... on level 2 of the Dungeon.
             The game lasted 00:04:32 (1843 turns).

capillaryred the Ruffian (Ghoul Monk)               Turns: 1843, Time: 00:04:33

Health: -4/46      AC:  2    Str: 16    XL:     5   Next: 7%
Magic:  4/4        EV: 12    Int:  5    God:
Gold:   107        SH:  0    Dex: 11    Spells: 4/4 levels left

rFire   . . .      SeeInvis .     - Unarmed
rCold   + . .      Faith    .   (no shield)
rNeg    + + +      Spirit   .   a - +0 robe
rPois   ∞          Reflect  .   (no helmet)
rElec   .          Harm     .   (no cloak)
rCorr   .          Rampage  .   (no gloves)
Will    .....                   (no boots)
Stlth   ++........              (no amulet)
HPRegen 0.00/turn               (no ring)
MPRegen 0.09/turn               (no ring)

@: inhibited regen
A: claws 1, cold resistance 1, negative energy resistance 3, inhibited
regeneration, torment resistance 2
a: no special abilities


You were on level 2 of the Dungeon.
You visited 1 branch of the dungeon, and saw 2 of its levels.

You collected 107 gold pieces.

Inventory:

Armour
 a - a +0 robe (worn)
Scrolls
 c - a scroll of magic mapping {unknown}
 d - a scroll of identify {unknown}
 e - a scroll of torment {unknown}
 f - a scroll of fear {unknown}
 g - a scroll of noise {unknown}
 h - a scroll of vulnerability {unknown}
Potions
 b - 2 potions of cancellation {unknown}
 i - a potion of resistance {unknown}


   Skills:
 + Level 3.9 Fighting
 + Level 3.2 Dodging
 + Level 3.1 Stealth
 + Level 4.8 Unarmed Combat


You had 4 spell levels left.
You didn't know any spells.
Your spell library contained the following spells:

 Spells                   Type           Power      Damage    Failure   Level
 Animate Skeleton         Necr           0%         N/A       47%         1
 Pain                     Necr           0%         1d4       47%         1
 Slow                     Hex            0%         N/A       63%         2
 Confusing Touch          Hex            0%         N/A       85%         3
 Vampiric Draining        Necr           0%         2d6       85%         3


Dungeon Overview and Level Annotations

Branches:
Dungeon (2/15)

Altars:


Innate Abilities, Weirdness & Mutations

You thrive by killing the living.
You are immune to poison.
You have sharp fingernails.
Your flesh is cold resistant. (rC+)
You are immune to negative energy. (rN+++)
You do not regenerate when monsters are visible.
You are immune to unholy pain and torment.


Message History

You scratch the jelly.
Your claws burn!
* * * LOW HITPOINT WARNING * * *
The jelly is severely wounded.
The jelly closely misses you.
You scratch the jelly.
Your claws burn!
* * * LOW HITPOINT WARNING * * *
The jelly is almost dead.
The jelly closely misses you.
You scratch the jelly.
You kill the jelly!
You feel better.
You have reached level 5!
You feel stronger.
Things that are here:
a +0 whip; a kobold corpse You scratch the endoplasm but do no damage.
The endoplasm barely misses you.
You barely miss the endoplasm. The endoplasm hits you.
* * * LOW HITPOINT WARNING * * *
You scratch the endoplasm.
The endoplasm is heavily wounded.
The endoplasm freezes you.
You are frozen.
You resist.
* * * LOW HITPOINT WARNING * * *
You scratch the endoplasm.
You kill the endoplasm!
You feel better.
You scratch the jelly but do no damage.
Your claws burn!
* * * LOW HITPOINT WARNING * * *
You are no longer corroded.
The jelly completely misses you.
There is an open door here.
The jelly closely misses you.
There is an open gate here.
The endoplasm jiggles.
The endoplasm jiggles.
The jelly hits you.
* * * LOW HITPOINT WARNING * * *
You are splashed with acid!
You die...

#+ ### #.# ..# ##########J.. #.#
#.# #####......##J...
#.####.####.##.......#J#...
#...........'........#.#JJJ
#.........@J'J.J.....#J#.÷J
#######...........'...)..#'#.#J..
......#..####...#.##.....#.#.#...
....#..<........#####....#J#.#P.P
....####.####...# #######.##...
...............)# ###
...........#..#)## ########
....####.#.#..#))# #....... ....#
#.#+#..#..## #.######


You could see a jelly and 2 endoplasms.

Vanquished Creatures
  2 jellies (D:2)
  A gnoll (D:1)
  2 worms (D:2)
  A dart slug (D:2)
  6 endoplasms
  2 giant cockroaches (D:1)
  3 goblins (D:1)
  2 hobgoblins (D:1)
  13 kobolds
  A quokka (D:1)
  2 ball pythons (D:1)
  5 bats
  A frilled lizard (D:1)
  5 rats
46 creatures vanquished.

Vanquished Creatures (others)
  5 fungi (D:2)
  7 toadstools (D:2)
12 creatures vanquished.

Grand Total: 58 creatures vanquished

Notes
Turn   | Place    | Note
-------+----------+-------------------------------------------
     0 | D:1      | capillaryred the Ghoul Monk began the quest for the Orb.
     0 | D:1      | Reached XP level 1. HP: 19/19 MP: 0/0
   385 | D:1      | Reached XP level 2. HP: 26/26 MP: 1/1
   444 | D:1      | Found a faded altar of an unknown god.
   630 | D:1      | Reached XP level 3. HP: 27/33 MP: 2/2
  1184 | D:2      | Reached skill level 4 in Unarmed Combat
  1767 | D:2      | Reached XP level 4. HP: 40/40 MP: 3/3
  1820 | D:2      | Reached XP level 5. HP: 9/46 MP: 4/4
  1843 | D:2      | Splashed by a jelly's acid

Illustrated notes

Levels and vault maps discovered:
D:1:      psy_arrival_whirlpool, layout_basic,
          shapermc_ecumenical_altar_notcrosses
D:2:      cheibrodos_fertilizer, layout_basic

Skill      XL: |  1  2  3  4 |
---------------+-------------+-----
Dodging        | 3 |  3.2
Unarmed Combat | 4 |  4.8
Stealth        | 3 |  3.1
Fighting       | |  3.9

Action                   |  1- 3 |  4- 6 || total
-------------------------+-------+-------++-------
Melee: Unarmed           |   109 |    20 ||   129
       Punch             |     2 |       ||     2
 Stab: Sleeping          |     3 |       ||     3
Armor: Robe              |    19 |       ||    19
Dodge: Dodged            |    55 |    11 ||    66

Table legend: (Time is in decaauts)
 A = Elapsed time spent in this place.
 B = Non-inter-level travel time spent in this place.
 C = Inter-level travel time spent in this place.
 D = Time resting spent in this place.
 E = Time spent auto-exploring this place.
 F = Levels seen in this place.
 G = Mean time per level.
                   A        B        C        D        E       F      G
               +--------+--------+--------+--------+--------+-----+--------+
         Total |   1838 |   1733 |    105 |      0 |   1330 |   2 |  919.0 |
       Dungeon |   1838 |   1733 |    105 |      0 |   1330 |   2 |  919.0 |
               +--------+--------+--------+--------+--------+-----+--------+

Top non-repeatable levels by time:
     D:1: 1109 daAuts
     D:2: 728 daAuts
